Cogmind - Beta 17.1 *** ADVENTURER MODE // 2026.09.23 @ 02:36:15 Player: Gder Result: Destroyed by B-99 Colossus with Linear Accelerator Performance ------------- Evolutions (9) 4500 Regions Visited (25) 5000 Robots Destroyed (333) 1665 Value Destroyed (18722) 18722 Prototype IDs (33) 660 Alien Tech Used (5) 1000 Bonus (14328) 14328 TOTAL SCORE: 45875 Bonus ------- High Alert Combat Kills 2117 Follower Combat Kills 5633 Entered Garrisons 1600 Used RIF Installer 4500 Scanned by Researcher 500 Friendly Fire -22 Cogmind --------- Core Integrity 0/1600 Matter 161/300 Energy 99/100 System Corruption 11% Temperature Cool (0) Movement Core (50) Location -1/Access Parts ------- > --- POWER (2) -------- (None) > --- PROPULSION (6) --- (None) > --- UTILITY (14) ----- (None) > --- WEAPON (3) ------- (None) > --- INVENTORY (5) ---- Core Cannon Advanced Datajack Core Stripper Peak State ------------ > --- POWER ------------ Particle Reactor > --- PROPULSION ------- Flexi-carbon Leg Myomer Leg Myomer Leg Shield Leg Heavy Shield Leg > --- UTILITY ---------- High-capacity Storage Unit Improved Medium Armor Plating Improved Medium Armor Plating Relay Coupler [Swarmer] Relay Coupler [Grunt] Relay Coupler [Grunt] Relay Coupler [Duelist] Relay Coupler [Sentry] Relay Coupler [Demolisher] Relay Coupler [Hunter] Relay Coupler [Hunter] > --- WEAPON ----------- Heavy Machine Gun KE Penetrator Advanced Remote Datajack > --- INVENTORY -------- Carbon-fiber Leg Flexi-carbon Leg Flexi-carbon Leg Flexi-carbon Leg Myomer Leg Improved Thunder Leg Matter Compressor Relay Coupler [NC] Relay Coupler [Swarmer] Relay Coupler [Duelist] Relay Coupler [Hunter] Nova Cannon Heavy Machine Gun KE Penetrator KE Penetrator Railgun Tesla Bomb Launcher Advanced Remote Datajack Great Axe [Rating: 121] Favorites ----------- Power Neutrino Core Engine Reinforced Ion Engine Power Core Neutrino Core Reactor Particle Reactor Propulsion Carbon-fiber Leg Treads Armored Medium Treads Leg Carbon-fiber Leg Wheel High-density Centrium Wheel Flight Unit Improved Q-thruster Utility Relay Coupler [Grunt] Device Seismic Detector Storage Large Storage Unit Processor Improved Signal Interpreter Hackware Relay Coupler [Grunt] Protection Improved Medium Armor Plating Weapon Heavy Machine Gun Energy Gun Small Laser Energy Cannon Advanced Plasma Cannon Ballistic Gun Heavy Machine Gun Ballistic Cannon Flak Cannon Launcher Tesla Bomb Launcher Special Weapon Advanced Remote Datajack Impact Weapon Core Stripper Slashing Weapon Great Axe Special Melee Weapon Advanced Datajack Build | -11 -10 -10 -10 -9 -8 -8 -8 -8 -7 -7 -7 -7 -6 -6 -5 -5 -5 -5 -4 -4 -3 -3 -2 -2 -1 ------- Run | Yrd Mat Min Exi Min Mat Gar Mat Gar Fac Gar Fac Gar Fac Gar Fac Was Fac Gar Fac Gar Res Gar Res Qua Acc Slots Evolved 18 | . . . . . 4 . . . 2 . . . 2 . 2 . . . 2 . 2 . 2 . 2 Power 1 | . . . . . . . . . . . . . . . . . . . . . . . . . 1 Propulsion 4 | . . . . . 2 . . . . . . . . . . . . . 2 . . . . . . Utility 12 | . . . . . 1 . . . 2 . . . 2 . 2 . . . . . 2 . 2 . 1 Weapon 1 | . . . . . 1 . . . . . . . . . . . . . . . . . . . . Parts Attached 292 | 7 14 5 . . 24 11 14 5 17 15 9 16 10 25 8 5 4 19 4 14 21 11 14 14 6 Power 26 | 1 1 1 . . 1 1 1 . 2 1 . 4 1 2 1 . 1 2 . 1 1 . 1 2 1 Engine 10 | 1 1 1 . . . 1 1 . 1 . . 1 1 2 . . . . . . . . . . . Core 12 | . . . . . 1 . . . 1 1 . 3 . . 1 . 1 2 . 1 . . . . 1 Reactor 4 | . . . . . . . . . . . . . . . . . . . . . 1 . 1 2 . Propulsion 102 | 2 5 3 . . 9 7 7 3 5 6 1 6 4 9 . 2 . 6 2 3 8 3 5 3 3 Treads 1 | . . . . . . . . . . . . . . . . . . . . . . . . 1 . Leg 97 | 2 5 3 . . 9 7 7 3 5 6 1 6 4 9 . 2 . 6 2 3 8 3 4 1 1 Wheel 1 | . . . . . . . . . . . . . . . . . . . . . . . . 1 . Hover . | . . . . . . . . . . . . . . . . . . . . . . . . . . Flight 3 | . . . . . . . . . . . . . . . . . . . . . . . 1 . 2 Utility 97 | 2 3 . . . 7 . 3 1 6 6 2 4 3 9 2 . . 11 1 9 8 7 7 4 2 Device 17 | 1 2 . . . 3 . 2 . 1 . 1 . . 1 . . . 1 1 . . . 1 3 . Storage 8 | 1 1 . . . 1 . . . . . . . . 1 . . . . . 2 . . 1 . 1 Processor 5 | . . . . . . . . . 3 . . . . . . . . . . . . . 1 . 1 Hackware 51 | . . . . . . . . . . 5 1 4 2 6 2 . . 8 . 7 7 7 2 . . Protection 16 | . . . . . 3 . 1 1 2 1 . . 1 1 . . . 2 . . 1 . 2 1 . Artifact . | . . . . . . . . . . . . . . . . . . . . . . . . . . Weapon 67 | 2 5 1 . . 7 3 3 1 4 2 6 2 2 5 5 3 3 . 1 1 4 1 1 5 . Energy Gun 1 | 1 . . . . . . . . . . . . . . . . . . . . . . . . . Energy Cannon 5 | . 1 . . . . . . . . . . . . . 2 . . . . . 1 . . 1 . Ballistic Gun 41 | 1 3 1 . . 6 2 2 1 4 . 5 2 1 5 1 2 1 . . . 2 1 1 . . Ballistic Cannon 2 | . . . . . . . 1 . . . . . . . . . . . . . . . . 1 . Launcher 7 | . . . . . 1 . . . . 1 . . 1 . 1 1 1 . . . . . . 1 . Special Weapon 8 | . 1 . . . . . . . . 1 1 . . . 1 . 1 . 1 1 1 . . . . Impact Weapon 1 | . . . . . . . . . . . . . . . . . . . . . . . . 1 . Slashing Weapon 1 | . . . . . . 1 . . . . . . . . . . . . . . . . . . . Piercing Weapon . | . . . . . . . . . . . . . . . . . . . . . . . . . . Special Melee Weapon 1 | . . . . . . . . . . . . . . . . . . . . . . . . 1 . Unidentified Prototypes 11 | . . . . . 1 . . . . . 1 . . 1 1 . . . . . . . . 6 1 Parts Lost 76 | . 1 2 . . 1 3 3 2 6 3 1 2 . 14 . . . 1 . . . 2 22 8 5 Power 4 | . . 1 . . . . . . . . . . . 1 . . . . . . . . 1 1 . Propulsion 26 | . . . . . . 1 . 1 3 1 1 1 . 5 . . . . . . . . 7 2 4 Utility 26 | . 1 . . . 1 . 2 1 1 1 . 1 . 3 . . . 1 . . . 2 8 4 . Weapon 20 | . . 1 . . . 2 1 . 2 1 . . . 5 . . . . . . . . 6 1 1 Highest Loss Streak 19 | . 1 2 . . 1 3 1 1 2 2 1 2 . 8 . . . 1 . . . 1 19 8 2 To Critical Strikes 3 | . . . . . . . . 1 . . . . . . . . . . . . . . 1 1 . Average Backups 14 | 1 8 9 10 10 14 14 14 14 14 14 14 14 14 14 14 14 14 13 14 17 18 19 14 2 3 Power . | . 1 1 1 1 1 1 1 1 1 1 1 1 1 . . 1 1 . . . . . . . . Propulsion 2 | . . . 1 1 1 1 3 4 4 2 1 1 1 2 2 1 1 1 . 1 4 6 3 . . Utility 5 | . 2 4 4 4 6 7 6 5 4 6 6 6 4 5 7 6 6 5 6 7 6 5 3 . . Weapon 4 | . 4 4 4 4 4 4 3 4 3 3 5 5 7 5 5 5 5 6 6 6 6 6 5 1 1 Tool/Special . | . . . . . . . . . . . . . . . . . . . . . . . . . . Unused Backups 38 | . 2 . . . 7 . 6 . 5 3 3 1 2 2 1 . 1 1 . 3 . . . . 1 Power 3 | . . . . . 1 . . . 1 . . . . . . . 1 . . . . . . . . Propulsion 3 | . . . . . . . 3 . . . . . . . . . . . . . . . . . . Utility 18 | . . . . . 3 . 3 . 2 2 1 . 2 2 . . . . . 3 . . . . . Weapon 13 | . 2 . . . 3 . . . 1 1 2 1 . . 1 . . 1 . . . . . . 1 Tool/Special 1 | . . . . . . . . . 1 . . . . . . . . . . . . . . . . Average Slot Usage (%) 94 | . 97 97 100 100 98 99 96 98 99 99 99 99 99 97 96 100 97 99 93 93 92 94 69 43 12 Engine 3 | . 14 12 14 14 1 6 9 9 6 . . 4 6 5 1 . . . . . . . . . . Core 2 | . . . . . 7 2 . . . 7 7 2 . . 3 5 5 5 5 5 2 . . . . Leg 27 | . 28 28 28 28 34 35 35 35 29 29 29 29 26 25 22 23 23 23 25 26 22 23 17 3 1 Device 3 | . 11 14 14 14 8 9 6 7 7 . 2 . . . . . . . . . . . . 8 . Storage 6 | . 14 14 14 14 9 9 9 9 7 7 7 7 6 6 5 5 5 5 5 5 4 4 3 . 1 Processor 4 | . . . . . . . . . 11 20 7 7 6 6 5 5 5 5 5 1 . . . . 1 Hackware 17 | . . . . . . . . . . 5 19 22 25 27 33 35 32 30 31 38 37 41 28 . . Protection 5 | . . . . . 8 9 8 10 10 4 . . 5 3 4 5 5 8 5 1 6 4 3 6 . Ballistic Gun 15 | . 24 28 28 28 26 25 18 17 18 17 17 17 11 16 15 17 11 11 12 8 8 9 5 . . Special Weapon 1 | . . . . . . . . . . . 2 3 3 1 . . 1 3 . 3 2 2 2 . . Slashing Weapon 1 | . . . . . . 1 3 1 . 4 2 1 4 2 . . 1 1 . 2 1 . 1 3 . Peak Build Rating 121 | 7 8 8 8 8 31 31 29 29 40 43 46 53 62 61 69 71 72 79 100 102 121 120 121 102 82 Average Rating 54 | 5 7 7 7 8 24 28 26 27 36 41 41 45 58 56 63 67 68 74 94 99 112 117 92 79 39 On Entrance 47 | . 7 8 8 8 8 30 27 28 25 40 41 44 53 57 58 68 68 66 76 97 101 118 118 23 50 Avg Prop Armor Cover (%) 21 | . . . . . . . . . . . . . . . . . . . . . 2 . . 20 23 Naked Turns 57 | . . . . . . . . . . . . . . . . . . . . . . . 12 . 45 Heaviest Build 103 | 11 20 18 18 18 45 49 51 48 58 45 39 40 47 52 54 48 59 63 60 68 87 87 89 65 103 Greatest Support 166 | 20 20 20 20 20 53 56 54 52 50 55 56 75 75 62 62 62 62 70 140 145 155 160 166 60 60 Greatest Overweight (x) 5 | . . . . . 1 1 1 1 1 . . . . 1 . . . 1 . . . . . 3 5 Average Overweight (x) . | . . . . . . . . . . . . . . . . . . . . . . . . 1 . Largest Inventory Capacity 25 | 8 10 10 10 10 15 15 15 15 15 15 15 15 15 15 15 15 15 15 15 20 20 20 20 5 25 Average Capacity 15 | 7 9 10 10 10 14 15 15 15 15 15 15 15 15 15 15 15 15 15 15 17 20 20 16 5 12 Most Carried 20 | 2 10 10 10 10 15 15 15 15 15 15 15 15 15 15 15 15 15 15 15 20 20 20 20 5 6 Average Carried 14 | 1 8 9 9 10 14 14 14 14 14 14 14 14 14 14 14 14 15 14 14 17 18 19 14 3 4 Final Capacity 20 | 8 10 10 10 10 15 15 15 15 15 15 15 15 15 15 15 15 15 15 15 20 20 20 5 5 5 Final Carried 20 | 2 10 10 10 10 15 12 15 14 15 15 15 15 15 15 15 15 15 15 15 20 20 20 5 4 5 Class Distribution -------------------- 20% | Scavenger-Tank 17% | Botlord-Tank 11% | Scavenger-Mutant 9% | Mutant 9% | Botlord-Mutant 6% | Bothacker-Mutant 6% | Bothacker-Gunner 5% | Tank 3% | Botlord-Gunner 3% | Scavenger-Gunner Dominant Class ---------------- Mutant | -10/Materials Scavenger-Mutant | -10/Mines Scavenger-Mutant | -10/Exiles Commander-Mutant | -9/Mines Scavenger-Tank | -8/Materials Tank | -8/Garrison Scavenger-Tank | -8/Materials Scavenger-Tank | -8/Garrison Scavenger-Tank | -7/Factory Scavenger-Mutant | -7/Garrison Bothacker-Gunner | -7/Factory Bothacker-Gunner | -7/Garrison Bothacker-Mutant | -6/Factory Mutant | -6/Garrison Scavenger-Tank | -5/Factory Hacker-Tank | -5/Waste Botlord-Tank | -5/Factory Botlord-Tank | -5/Garrison Botlord-Tank | -4/Factory Botlord-Mutant | -4/Garrison Botlord-Tank | -3/Research Botlord-Tank | -3/Garrison Botlord-Mutant | -2/Research Mutant | -2/Quarantine Mutant | -1/Access Resources | -11 -10 -10 -10 -9 -8 -8 -8 -8 -7 -7 -7 -7 -6 -6 -5 -5 -5 -5 -4 -4 -3 -3 -2 -2 -1 ----------- Run | Yrd Mat Min Exi Min Mat Gar Mat Gar Fac Gar Fac Gar Fac Gar Fac Was Fac Gar Fac Gar Res Gar Res Qua Acc Matter Collected 15373 | 292 461 44 . . 917 964 841 882 1234 749 578 1035 858 1209 223 150 521 876 58 864 925 846 700 80 66 Remotely . | . . . . . . . . . . . . . . . . . . . . . . . . . . Salvage Created 14724 | 304 547 87 . . 1173 1229 1292 954 1025 708 461 621 581 1669 227 . 1007 445 86 598 639 455 465 151 . Parts 784 | 29 45 7 . . 78 70 63 64 57 46 28 41 21 63 12 . 25 22 6 18 31 25 28 5 . Haulers Intercepted 12 | . 1 . . . 2 . 3 . 2 . 2 . 1 . 1 . . . . . . . . . . Recyclers Shooed 12 | 1 1 . . . . . 2 . 4 . 1 . . . . . 2 . . . 1 . . . . Parts Field Recycled . | . . . . . . . . . . . . . . . . . . . . . . . . . . Retrieved Matter . | . . . . . . . . . . . . . . . . . . . . . . . . . . Parts Self-Destructed . | . . . . . . . . . . . . . . . . . . . . . . . . . . Prevented . | . . . . . . . . . . . . . . . . . . . . . . . . . . Parts Restored . | . . . . . . . . . . . . . . . . . . . . . . . . . . Kills | -11 -10 -10 -10 -9 -8 -8 -8 -8 -7 -7 -7 -7 -6 -6 -5 -5 -5 -5 -4 -4 -3 -3 -2 -2 -1 ------- Run | Yrd Mat Min Exi Min Mat Gar Mat Gar Fac Gar Fac Gar Fac Gar Fac Was Fac Gar Fac Gar Res Gar Res Qua Acc Combat Hostiles Destroyed 265 | . 17 2 . . 23 27 20 40 25 20 8 15 8 18 3 . 3 8 1 7 6 6 5 3 . Guns 196 | . 14 2 . . 20 22 13 12 17 17 8 9 8 17 3 . 1 8 1 7 6 6 5 . . Cannons 30 | . 3 . . . . . 7 13 7 . . . . . . . . . . . . . . . . AOE 38 | . . . . . 3 5 . 15 1 3 . 6 . 1 . . 2 . . . . . . 2 . Classes Destroyed 21 | 3 4 . . . 2 3 1 . . 1 . 1 1 2 1 . . 1 . . . . . 1 . Worker 8 | 2 1 . . . 1 . 1 . . . . . . . . . 1 . . . 2 . . . . Builder 3 | . . . . . . . . . . . . . 1 . . . 1 . . . . . 1 . . Tunneler 12 | 8 3 . . . . . . . 1 . . . . . . . . . . . . . . . . Hauler 12 | . 1 . . . 2 . 3 . 2 . 2 . 1 . 1 . . . . . . . . . . Recycler 15 | 1 . . . . 1 . 4 . 2 . . . . . . . 6 . . . 1 . . . . Mechanic 2 | . . . . . . . 1 . . . . . . 1 . . . . . . . . . . . Operator 1 | . . . . . . . . . . . . . . . 1 . . . . . . . . . . Watcher 9 | . 2 . . . 1 . 3 . 1 . . . 1 . . . . . . . . . 1 . . Swarmer 75 | . 12 . . . 6 . 5 18 6 9 3 3 2 4 . . 2 3 . 1 . . . 1 . Cutter 7 | . . . . . . . . . . 3 . 3 . . . . . . . . . 1 . . . Grunt 79 | . 5 2 . . 8 16 9 13 7 3 . 4 3 6 . . . . . . 1 1 1 . . Brawler 3 | . . . . . . 1 1 . . 1 . . . . . . . . . . . . . . . Duelist 6 | . . . . . . 3 . 1 1 1 . . . . . . . . . . . . . . . Researcher 1 | . . . . . . . . . . . . . . . . . . . . . . . . 1 . Sentry 53 | . . . . . 8 4 5 6 3 1 4 1 2 6 1 . . 4 1 4 1 2 . . . Specialist 3 | . . . . . . . . . . . . 2 . . . . . . . . 1 . . . . Hunter 9 | . . . . . 1 . . . 5 1 . 1 1 . . . . . . . . . . . . Programmer 31 | . . . . . . 3 . 2 3 1 2 3 . . 2 . 1 . . 2 3 2 5 2 . Heavy 1 | . . . . . . . . . . . . . . . . . . 1 . . . . . . . Behemoth 2 | . . . . . . . . . . . . . . 1 . . . . . . 1 . . . . Striker 1 | . . . . . . . . . . . . . . 1 . . . . . . . . . . . Best Kill Streak 7 | 3 4 5 . . 4 4 7 6 5 4 2 5 4 6 2 . 3 4 1 2 3 2 4 2 . Combat Bots Only 7 | . 3 5 . . 4 4 7 6 5 4 2 5 4 6 2 . 2 4 1 2 2 2 4 2 . Max Kills in Single Turn 4 | 1 2 1 . . 4 2 1 2 1 2 1 2 1 1 1 . 2 1 1 1 1 1 1 1 . Gunslinging 1 | . 1 . . . . . . . . 1 . . . . . . . . . . . . . . . Exploded 3 | . . . . . 3 2 . 2 1 2 . 2 . 1 . . 1 . . . . . . 1 . Melee . | . . . . . . . . . . . . . . . . . . . . . . . . . . Uniques/NPCs Destroyed . | . . . . . . . . . . . . . . . . . . . . . . . . . . Combat | -11 -10 -10 -10 -9 -8 -8 -8 -8 -7 -7 -7 -7 -6 -6 -5 -5 -5 -5 -4 -4 -3 -3 -2 -2 -1 -------- Run | Yrd Mat Min Exi Min Mat Gar Mat Gar Fac Gar Fac Gar Fac Gar Fac Was Fac Gar Fac Gar Res Gar Res Qua Acc Hostile Shots Fired 2529 | . 84 9 . . 81 89 52 105 212 99 77 73 89 413 12 . 14 62 5 82 77 58 212 336 288 Missed 931 | . 24 . . . 21 16 19 41 65 26 31 28 48 187 4 . 6 24 2 15 28 18 60 131 137 Deflected 7 | . . . . . . . . . . . . . . . . . . . 1 6 . . . . . Hits 1598 | . 60 9 . . 60 73 33 64 147 73 46 45 41 226 8 . 8 38 3 67 49 40 152 205 151 Melee 22 | . . . . . . 1 . . 5 6 . 1 . 1 . . . . . 1 . 4 3 . . Projectile 1576 | . 60 9 . . 60 72 33 64 142 67 46 44 41 225 8 . 8 38 3 66 49 36 149 205 151 AOE 5 | . . . . . . . . . . . . 4 . . . . . 1 . . . . . . . Critical Strikes 63 | . . . . . 4 5 . 4 4 4 . . . 3 . . . . . 3 3 1 20 3 9 Part Disruptions 6 | . . . . . . . . . 1 . . . . . . . . . . . 1 . 2 . 2 Damage Taken 21084 | . 421 99 . . 695 929 457 567 1568 861 383 650 392 2171 159 . 132 711 38 1054 639 759 2865 2659 2875 Core 4026 | . 46 19 . . 27 150 102 78 146 156 33 77 33 320 22 . 17 31 . 59 30 17 602 439 1622 Absorbed by Shields 769 | . . . . . . . . 22 . . . . . . . . . . . . 206 279 262 . . Ignored by Resistances 6443 | . 135 30 . . 192 260 112 178 468 251 122 194 118 656 43 . 38 194 10 298 235 287 857 998 767 Regen/Repaired (Parts) 2087 | . . . . . . . 180 . . . 89 . . . 540 . . . . 596 247 435 . . . Core Remaining (%) 68 | 100 . . . 74 . . . 35 . . . 41 . 58 . . . 93 . 94 . 96 . 23 . Volleys Fired 1103 | 22 98 6 . . 68 70 50 64 67 39 31 57 45 82 19 . 39 62 8 83 66 71 49 7 . Largest 3 | 2 2 2 . . 3 3 3 3 3 3 3 3 3 3 3 . 3 3 3 3 3 3 3 1 . Hottest 161 | 60 100 40 . . 73 73 83 83 85 86 81 75 80 91 98 . 98 96 161 161 113 93 99 58 . Shots Fired 2342 | 44 186 12 . . 200 180 138 157 198 88 68 106 81 178 35 . 62 114 13 135 119 113 106 9 . Gun 1902 | 44 170 12 . . 199 172 90 97 152 80 63 84 65 160 24 . 36 93 5 93 87 81 95 . . Cannon 189 | . 8 . . . . . 48 48 46 . . . . . 11 . 8 . 5 6 6 . . 3 . Launcher 47 | . . . . . 1 8 . 12 . 5 . 5 . . . . 4 . . . . 6 . 6 . Special 204 | . 8 . . . . . . . . 3 5 17 16 18 . . 14 21 3 36 26 26 11 . . Kinetic 2016 | 22 162 12 . . 199 172 138 145 198 80 63 84 65 160 24 . 36 93 5 93 87 81 95 2 . Thermal 83 | 22 24 . . . . . . . . . . . . . 11 . 8 . 5 6 6 . . 1 . Explosive 36 | . . . . . 1 8 . 12 . 5 . 5 . . . . . . . . . . . 5 . Electromagnetic 11 | . . . . . . . . . . . . . . . . . 4 . . . . 6 . 1 . Robot Hit Streak 37 | 11 23 10 . . 19 26 35 36 28 9 10 22 13 20 20 . 16 33 17 37 25 35 30 34 . Robot Miss Streak 5 | 2 3 1 . . 3 3 4 3 4 5 2 3 2 3 4 . 3 3 1 2 2 1 1 1 . Penetration Max 1 | . . . . . . . . . . . 1 . 1 1 . . . . . . 1 1 1 . . Secondary Targets 35 | . 3 1 . . 4 3 1 . 1 3 1 2 4 6 . . . . . 1 2 . 3 . . Max Gunslinging Chain 1 | . 1 1 . . 1 1 1 . 1 1 1 1 1 1 . . . . . 1 1 . 1 . . Shots Hit Robots 1820 | 32 138 11 . . 150 134 108 115 151 67 55 67 66 165 22 . 49 84 10 114 92 81 97 12 . Core Hits 849 | 16 50 6 . . 57 57 78 99 98 74 28 24 22 57 27 . 16 24 3 29 23 17 30 9 5 Critical Kills 6 | . . . . . 1 . . . 1 1 . . . 1 . . . . . 1 1 . . . . Critical Parts Destroyed 15 | . . . . . . 1 . . 1 . . 1 1 3 . . . . . . 3 1 3 1 . Critical Strikes 27 | . . . . . 1 1 . . 2 1 . 1 1 7 . . . . . 2 4 1 3 3 . Destroy 22 | . . . . . 1 1 . . 2 1 . 1 1 5 . . . . . 1 4 1 3 1 . Sever 5 | . . . . . . . . . . . . . . 2 . . . . . 1 . . . 2 . Melee Attacks 267 | . . . . . . 15 12 8 6 31 9 17 8 64 1 . 12 15 . 31 . 21 2 15 . Impact . | . . . . . . . . . . . . . . . . . . . . . . . . . . Slashing 265 | . . . . . . 15 12 8 6 31 9 17 8 64 1 . 12 15 . 31 . 21 2 13 . Piercing . | . . . . . . . . . . . . . . . . . . . . . . . . . . Sneak Attacks 15 | . . . . . . . 1 . . . 2 . 2 2 . . 6 . . . . . . 2 . Combat Hostiles 1 | . . . . . . . . . . . . . . 1 . . . . . . . . . . . Follow-up Attacks . | . . . . . . . . . . . . . . . . . . . . . . . . . . Damage Inflicted 38278 | 315 1215 91 . . 2443 2792 1953 3246 2974 2003 1180 1191 1086 4782 557 . 1464 1548 197 2423 1736 1630 2266 981 205 Guns 26347 | 315 1088 91 . . 2256 2280 1047 1134 1814 1118 944 942 934 2489 455 . 708 1548 83 1869 1685 1362 2185 . . Cannons 3232 | . 105 . . . . . 619 848 946 . . . . . 92 . . . 98 174 . . . 350 . Explosions 3697 | . . . . . 164 512 . 1264 160 476 . 249 . . . . 192 . . . . 268 . 412 . Melee 4519 | . . . . . . . 238 . . 409 236 . 152 2293 . . 564 . . 380 . . 80 167 . Ramming 483 | . 22 . . . 23 . 49 . 54 . . . . . 10 . . . 16 . 51 . 1 52 205 Kinetic 28496 | 106 1033 91 . . 2256 2280 1666 1982 2760 1118 944 942 934 2489 455 . 708 1548 83 1869 1685 1362 2185 . . Thermal 1213 | 209 160 . . . . . . . 109 . . . . . 92 . . . 98 174 . 21 . 350 . Explosive 3006 | . . . . . 164 512 . 1264 . 476 . 249 . . . . . . . . . . . 341 . Electromagnetic 561 | . . . . . . . . . 51 . . . . . . . 192 . . . . 247 . 71 . Impact . | . . . . . . . . . . . . . . . . . . . . . . . . . . Slashing 4519 | . . . . . . . 238 . . 409 236 . 152 2293 . . 564 . . 380 . . 80 167 . Piercing . | . . . . . . . . . . . . . . . . . . . . . . . . . . Highest Corruption 14 | . . . . . . 4 4 4 3 4 7 10 1 5 1 1 2 4 . 1 1 5 11 14 11 Average Corruption 3 | . . . . . . 3 4 4 2 3 5 9 1 3 1 1 1 2 . 1 1 2 10 11 8 Corruption Purged . | . . . . . . . . . . . . . . . . . . . . . . . . . . Corruption Blocked . | . . . . . . . . . . . . . . . . . . . . . . . . . . Effects 319 | . . . . . . 1 33 31 23 31 24 39 . 24 5 1 7 22 . 2 4 29 12 18 13 Message Errors 53 | . . . . . . . 7 3 4 6 7 3 . 3 1 1 1 6 . . 1 5 2 1 2 Matter Fused 78 | . . . . . . . 9 4 3 6 5 15 . 8 . . 4 3 . 2 1 8 2 4 4 Heat Flow Errors 35 | . . . . . . 1 2 6 8 5 1 4 . 2 1 . . . . . . 2 1 2 . Energy Discharges 45 | . . . . . . . 5 3 2 6 1 6 . 4 2 . 2 3 . . 2 5 1 2 1 Parts Rejected 6 | . . . . . . . 2 1 . . . . . . . . . . . . . . . 3 . Parts Fused 5 | . . . . . . . . . 1 . . 1 . . 1 . . 2 . . . . . . . Data Loss (minor) 36 | . . . . . . . 5 3 3 4 4 1 . 3 . . . 3 . . . 6 2 2 . Data Loss (major) 23 | . . . . . . . 3 3 . 3 2 2 . 1 . . . 4 . . . 2 2 1 . Misfires 12 | . . . . . . . . 2 1 1 1 3 . 1 . . . 1 . . . . . 2 . Alerts 13 | . . . . . . . . 4 . . 3 3 . 2 . . . . . . . 1 . . . Misdirections 9 | . . . . . . . . . . . . . . . . . . . . . . . 2 1 6 Weapon Failures 4 | . . . . . . . . 2 1 . . 1 . . . . . . . . . . . . . Overload Shots . | . . . . . . . . . . . . . . . . . . . . . . . . . . Overflow Damage 461 | . . . . . . . 9 26 4 . 25 . 72 45 . . 107 . 7 . 8 . . 158 . Projectiles 157 | . . . . . . . . 1 4 . . . . . . . . . 7 . . . . 145 . Explosions 40 | . . . . . . . . 25 . . . . . . . . 8 . . . . . . 7 . Melee 264 | . . . . . . . 9 . . . 25 . 72 45 . . 99 . . . 8 . . 6 . Knockbacks 57 | . . . . . 1 . 14 16 23 . . . . . . . . . . . 1 . . 1 1 Impact 6 | . . . . . 1 . 1 . 1 . . . . . . . . . . . 1 . . 1 1 Kinetic 49 | . . . . . . . 12 16 21 . . . . . . . . . . . . . . . . Secondary 2 | . . . . . . . 1 . 1 . . . . . . . . . . . . . . . . Self-Inflicted Damage 310 | . . . . . . . . . 43 64 . 39 . . . . 10 . . . . . . 141 13 Shots 9 | . . . . . . . . . 3 2 . 1 . . . . 1 . . . . . . 2 . Rammed 14 | . . . . . . . . . . . . . . . . . . . . . . . 2 7 5 Targets Rammed 81 | . 7 . . . 3 . 7 . 9 . . . . . 1 . . . 1 . 5 . 2 7 39 Kicked 67 | . 7 . . . 3 . 7 . 9 . . . . . 1 . . . 1 . 5 . . . 34 Crushed . | . . . . . . . . . . . . . . . . . . . . . . . . . . Highest Temperature 540 | 40 182 15 . . 263 403 540 192 270 215 84 177 101 461 255 . 108 81 108 315 210 236 239 152 . Average Temperature 67 | 20 42 8 . . 48 91 117 56 69 45 19 58 32 89 44 . 47 21 39 121 56 83 46 83 . Received Heat Transfer 4667 | . 117 75 . . 348 387 234 252 330 207 99 93 63 885 18 . 18 135 . 444 129 117 221 333 162 Effects 13 | . . . . . 2 4 6 . . . . . . 1 . . . . . . . . . . . Shutdowns 3 | . . . . . . 1 1 . . . . . . 1 . . . . . . . . . . . Energy Bleed 1 | . . . . . . . 1 . . . . . . . . . . . . . . . . . . Interference 7 | . . . . . 2 3 2 . . . . . . . . . . . . . . . . . . Damage (minor) 1 | . . . . . . . 1 . . . . . . . . . . . . . . . . . . Damage (core) 1 | . . . . . . . 1 . . . . . . . . . . . . . . . . . . Siege Activations . | . . . . . . . . . . . . . . . . . . . . . . . . . . Martial Activations . | . . . . . . . . . . . . . . . . . . . . . . . . . . Shielding Activations 5 | . . . . . . . . . . . . . . . . . . . 1 2 . 1 1 . . Total Turns 58 | . . . . . . . . . . . . . . . . . . . 5 31 . 12 10 . . Longest Duration 25 | . . . . . . . . . . . . . . . . . . . 5 25 . 12 10 . . Robots Disrupted . | . . . . . . . . . . . . . . . . . . . . . . . . . . Combat Hostiles . | . . . . . . . . . . . . . . . . . . . . . . . . . . Robots Corrupted 3 | . . . . . . . . . . . . . . . . . . . . . 1 1 . 1 . Combat Hostiles 1 | . . . . . . . . . . . . . . . . . . . . . . . . 1 . Parts Fried 6 | . . . . . . . . . . . . . . . . . . . . . 1 2 1 2 . Impact Corruptions 2 | . . . . . . . . . . . . . . . . . . . . . 1 . . 1 . Robots Melted . | . . . . . . . . . . . . . . . . . . . . . . . . . . Combat Hostiles . | . . . . . . . . . . . . . . . . . . . . . . . . . . Parts Melted 7 | . 1 . . . . . . . . 1 . . 1 1 1 . . . . . 2 . . . . Heat Transferred 1355 | 475 347 . . . . . . . 50 . . . . . 111 . . . 150 172 . 50 . . . Parts Sabotaged . | . . . . . . . . . . . . . . . . . . . . . . . . . . Parts Stolen . | . . . . . . . . . . . . . . . . . . . . . . . . . . Parts Stripped . | . . . . . . . . . . . . . . . . . . . . . . . . . . Power Chain Reactions 1 | . . . . . . . . . . . . . . . . . . . . . . 1 . . . Alert | -11 -10 -10 -10 -9 -8 -8 -8 -8 -7 -7 -7 -7 -6 -6 -5 -5 -5 -5 -4 -4 -3 -3 -2 -2 -1 ------- Run | Yrd Mat Min Exi Min Mat Gar Mat Gar Fac Gar Fac Gar Fac Gar Fac Was Fac Gar Fac Gar Res Gar Res Qua Acc Maximum Alert Level 5 | . . . . . . 3 1 4 2 3 2 3 1 3 2 . . 3 1 4 3 5 3 4 3 Low Security (%) 26 | 100 100 100 . 100 100 17 19 11 . . 9 10 69 . 16 100 100 16 . 7 . . . . . Level 1 26 | . . . . . . 34 80 18 45 25 72 13 30 39 82 . . 32 100 23 . . . . . Level 2 21 | . . . . . . 32 . 28 54 26 17 35 . 46 . . . 23 . 10 59 . . 67 85 Level 3 18 | . . . . . . 14 . 39 . 46 . 40 . 13 . . . 27 . 39 40 13 100 32 14 Level 4 2 | . . . . . . . . 1 . . . . . . . . . . . 19 . 18 . . . Level 5 4 | . . . . . . . . . . . . . . . . . . . . . . 68 . . . High Security . | . . . . . . . . . . . . . . . . . . . . . . . . . . Max Security . | . . . . . . . . . . . . . . . . . . . . . . . . . . Peak Influence 2129 | 10 74 49 . . 155 833 364 1113 552 1043 474 861 391 821 407 40 155 773 351 1346 1095 2129 1093 1100 897 Initial 1043 | . 2 19 . . . 24 349 57 506 171 474 109 391 208 373 40 . . 351 161 659 721 1043 481 577 Average 488 | 1 18 11 . . 60 410 273 594 405 666 296 592 180 481 275 6 38 447 301 731 723 1631 975 666 561 Influence Increases 16402 | 55 454 50 . . 843 879 652 1076 822 902 303 832 557 913 157 . 374 963 102 1385 1186 1528 920 909 540 Destroy 0b10 Robot/C 7940 | . 340 40 . . 580 600 400 800 500 440 180 380 360 420 60 . 200 420 60 480 540 640 420 80 . Destroy 0b10 Robot/NC 430 | 55 35 . . . 25 . 60 . 30 10 15 . 20 35 10 . 40 . . 10 65 5 15 . . Destroy Leader 1202 | . 56 10 . . 166 20 122 60 116 50 74 30 104 30 22 . 20 20 20 40 120 60 52 10 . Allied During Kill 1176 | . . . . . 22 1 . . . . 2 12 59 19 . . 10 44 18 161 327 335 166 . . Successful Hack 238 | . . . . . 21 14 1 12 5 . 10 32 8 12 3 . 12 28 . 38 . 18 . 24 . Select Force Hacks 30 | . . . . . . . . . . . . . . . . . . . . . 30 . . . . Disable Machine 261 | . . . . . 18 . 18 . 90 . . . . . 9 . 36 . . . 18 . . 72 . Anti-Garrison Action 2450 | . . . . . . 200 . 100 . 350 . 250 . 350 . . . 350 . 500 . 350 . . . Destroy Structure 1070 | . 8 . . . 11 29 6 74 21 52 7 68 6 47 38 . 26 71 4 126 86 120 12 258 . Partial Spotted 150 | . . . . . . . . 15 . . 15 . . . 15 . . . . . . . . . 105 Lose Combat Pursuer 1455 | . 15 . . . . 15 45 15 60 . . 60 . . . . 30 30 . 30 . . 255 465 435 Influence Decreases 15515 | 50 399 110 . . 799 90 1384 64 1657 137 1169 148 1080 430 838 140 372 192 612 302 1447 484 2066 792 753 Entered New Map 6779 | . 3 41 . . . 20 484 44 607 107 569 68 470 130 448 100 . 2 422 102 687 364 1086 502 523 Time Decay 5845 | 50 386 49 . . 695 . 720 . 990 . 510 . 410 . 390 40 275 . 100 . 530 . 310 210 180 Lost Part 760 | . 10 20 . . 10 30 30 20 60 30 10 20 . 140 . . . 10 . . . 20 220 80 50 Lost Ally 1681 | . . . . . 94 40 . . . . 80 60 50 160 . . 97 180 90 200 230 100 300 . . Purge Threat 450 | . . . . . . . 150 . . . . . 150 . . . . . . . . . 150 . . Squads Dispatched 54 | . . . . . 2 . 1 . 10 . 3 . 9 . 5 . 2 . 1 . 6 . 6 4 5 Investigation 13 | . . . . . 1 . 1 . 2 . . . 3 . 2 . . . . . 2 . . . 2 Extermination 13 | . . . . . . . . . 3 . 2 . 1 . 1 . 1 . . . 2 . 1 1 1 Reinforcement 18 | . . . . . 1 . . . 2 . 1 . 3 . 2 . 1 . . . 1 . 2 3 2 Assault 4 | . . . . . . . . . . . . . . . . . . . . . 1 . 3 . . Garrison 6 | . . . . . . . . . 3 . . . 2 . . . . . 1 . . . . . . Intercept . | . . . . . . . . . . . . . . . . . . . . . . . . . . Searches Triggered . | . . . . . . . . . . . . . . . . . . . . . . . . . . Construction Impeded 6 | . . . . . . . . . . . . . 2 . 1 . 1 . . . 1 . . 1 . Haulers Reinforced 1 | . . . . . . . . . . . . . . . . . . . . . . . 1 . . Active Scanning Responses . | . . . . . . . . . . . . . . . . . . . . . . . . . . Cargo Convoy Interrupts 2 | . . . . . . . . . 1 . . . . . . . . . . . 1 . . . . Stealth | -11 -10 -10 -10 -9 -8 -8 -8 -8 -7 -7 -7 -7 -6 -6 -5 -5 -5 -5 -4 -4 -3 -3 -2 -2 -1 --------- Run | Yrd Mat Min Exi Min Mat Gar Mat Gar Fac Gar Fac Gar Fac Gar Fac Was Fac Gar Fac Gar Res Gar Res Qua Acc Distress Signals 20 | . 1 . . . 4 . 3 . . . . . . . . . 2 . . 1 4 . 3 1 1 Communications Jammed . | . . . . . . . . . . . . . . . . . . . . . . . . . . Distress Signals . | . . . . . . . . . . . . . . . . . . . . . . . . . . Times Spotted 662 | . 26 2 . . 46 26 35 39 37 25 16 33 22 31 4 . 19 39 6 42 47 35 54 39 39 Peak Tracking Total 23 | . 4 1 . . 6 5 5 4 6 4 3 9 4 10 1 . 5 10 4 9 10 5 13 23 16 Tactical Retreats 31 | . 1 . . . . 1 2 1 4 . . 1 . . . . 1 2 . 1 . . 5 6 6 Traps | -11 -10 -10 -10 -9 -8 -8 -8 -8 -7 -7 -7 -7 -6 -6 -5 -5 -5 -5 -4 -4 -3 -3 -2 -2 -1 ------- Run | Yrd Mat Min Exi Min Mat Gar Mat Gar Fac Gar Fac Gar Fac Gar Fac Was Fac Gar Fac Gar Res Gar Res Qua Acc Traps Triggered 50 | . . . . . 1 1 1 7 5 4 3 4 . 5 3 . . 9 . 1 . 4 1 . 1 Indirectly . | . . . . . . . . . . . . . . . . . . . . . . . . . . Trap Hack Attempts . | . . . . . . . . . . . . . . . . . . . . . . . . . . Triggered . | . . . . . . . . . . . . . . . . . . . . . . . . . . Disarmed . | . . . . . . . . . . . . . . . . . . . . . . . . . . Reprogrammed . | . . . . . . . . . . . . . . . . . . . . . . . . . . Reused . | . . . . . . . . . . . . . . . . . . . . . . . . . . Traps Extracted . | . . . . . . . . . . . . . . . . . . . . . . . . . . Installed . | . . . . . . . . . . . . . . . . . . . . . . . . . . Triggered . | . . . . . . . . . . . . . . . . . . . . . . . . . . Machines | -11 -10 -10 -10 -9 -8 -8 -8 -8 -7 -7 -7 -7 -6 -6 -5 -5 -5 -5 -4 -4 -3 -3 -2 -2 -1 ---------- Run | Yrd Mat Min Exi Min Mat Gar Mat Gar Fac Gar Fac Gar Fac Gar Fac Was Fac Gar Fac Gar Res Gar Res Qua Acc Machines Disabled 64 | . . . . . 2 3 2 . 10 5 . 4 . 5 1 . 4 4 . 6 2 8 . 8 . Max in Single Turn 6 | . . . . . 1 1 1 . 6 1 . 1 . 1 1 . 1 1 . 1 1 3 . 2 . Garrison Access 2 | . . . . . . . . . . . . . . . . . 1 . . . . . . . 1 Garrison Relay 32 | . . . . . . 3 . . . 5 . 4 . 5 . . . 4 . 6 . 5 . . . Machines Repaired . | . . . . . . . . . . . . . . . . . . . . . . . . . . Machines Dismantled . | . . . . . . . . . . . . . . . . . . . . . . . . . . Machines Sabotaged . | . . . . . . . . . . . . . . . . . . . . . . . . . . Overloaded Fab Kills . | . . . . . . . . . . . . . . . . . . . . . . . . . . Hacking | -11 -10 -10 -10 -9 -8 -8 -8 -8 -7 -7 -7 -7 -6 -6 -5 -5 -5 -5 -4 -4 -3 -3 -2 -2 -1 --------- Run | Yrd Mat Min Exi Min Mat Gar Mat Gar Fac Gar Fac Gar Fac Gar Fac Was Fac Gar Fac Gar Res Gar Res Qua Acc Machines Accessed 78 | . . . 2 . 7 4 10 3 4 1 4 4 5 2 6 . 6 4 1 3 3 2 2 2 3 Terminals 49 | . . . . . 3 4 7 3 1 1 . 4 3 2 3 . 2 4 . 3 2 2 2 2 1 Fabricators 4 | . . . . . . . . . . . 2 . . . 1 . . . . . . . . . 1 Repair Stations 7 | . . . . . 1 . 2 . 1 . 1 . . . 1 . 1 . . . . . . . . Recycling Units 2 | . . . . . . . . . . . . . 1 . . . 1 . . . . . . . . Scanalyzers 4 | . . . . . 2 . . . 1 . . . . . 1 . . . . . . . . . . Garrison Access 10 | . . . . . 1 . 1 . 1 . 1 . 1 . . . 2 . 1 . 1 . . . 1 Total Hacks 169 | . . . 2 . 23 7 26 6 7 1 6 8 13 5 19 . 14 6 2 3 6 3 2 3 7 Successful 108 | . . . 2 . 18 1 22 2 5 1 5 3 4 1 14 . 10 3 2 3 5 2 . 3 2 Failed 59 | . . . . . 4 6 4 4 1 . 1 5 9 4 5 . 4 3 . . 1 1 2 . 5 Catastrophic 15 | . . . . . 1 2 . . . . 1 1 3 . 2 . 1 1 . . . . 2 . 1 Database Lockouts 2 | . . . . . 1 . . . 1 . . . . . . . . . . . . . . . . Manual 28 | . . . 1 . 6 . 3 . 1 . 1 . 3 . 3 . 3 . . . 2 . 2 . 3 Terminals 91 | . . . . . 8 7 13 6 1 1 . 8 9 5 4 . 7 6 . 3 3 3 2 3 2 Fabricators 6 | . . . . . . . . . . . 2 . . . 1 . . . . . . . . . 3 Repair Stations 29 | . . . . . 2 . 11 . 1 . 2 . . . 11 . 2 . . . . . . . . Recycling Units 2 | . . . . . . . . . . . . . 1 . . . 1 . . . . . . . . Scanalyzers 16 | . . . . . 10 . . . 3 . . . . . 3 . . . . . . . . . . Garrison Access 23 | . . . . . 3 . 2 . 2 . 2 . 3 . . . 4 . 2 . 3 . . . 2 Terminal Hacks 38 | . . . 2 . 4 1 8 2 . 1 . 3 . 1 . . 3 3 . 3 2 2 . 3 . Record 4 | . . . 1 . . . . . . . . . . . . . . . . . 1 . . 2 . Robot Analysis 1 | . . . . . . . 1 . . . . . . . . . . . . . . . . . . Open Door 3 | . . . . . . . . . . . . 1 . . . . . 1 . . . 1 . . . Level Access Points 1 | . . . . . 1 . . . . . . . . . . . . . . . . . . . . Branch Access Points 4 | . . . . . 1 . 1 . . . . . . . . . 1 . . . . . . 1 . Emergency Access Points 8 | . . . . . 1 . . . . 1 . 1 . 1 . . 1 1 . 1 . 1 . . . Unreport Threat 1 | . . . . . . . 1 . . . . . . . . . . . . . . . . . . Dispatch Records 1 | . . . . . . . 1 . . . . . . . . . . . . . . . . . . Hauler Manifests 2 | . . . . . 1 . 1 . . . . . . . . . . . . . . . . . . Registered Components 2 | . . . . . . . 1 . . . . . . . . . 1 . . . . . . . . Registered Prototypes 1 | . . . . . . . 1 . . . . . . . . . . . . . . . . . . Zone Layout 2 | . . . . . . . 1 . . . . . . . . . . . . . 1 . . . . Patrol Navigation 3 | . . . . . . . . 1 . . . . . . . . . 1 . 1 . . . . . Security Stations 4 | . . . . . . 1 . 1 . . . 1 . . . . . . . 1 . . . . . Proto ID Catalog 1 | . . . 1 . . . . . . . . . . . . . . . . . . . . . . Fabricator Hacks 1 | . . . . . . . . . . . . . . . 1 . . . . . . . . . . Network Status 1 | . . . . . . . . . . . . . . . 1 . . . . . . . . . . Repair Station Hacks 24 | . . . . . 1 . 10 . . . 2 . . . 10 . 1 . . . . . . . . Scan Component 13 | . . . . . 1 . 5 . . . 1 . . . 5 . 1 . . . . . . . . Repair 11 | . . . . . . . 5 . . . 1 . . . 5 . . . . . . . . . . Recycling Unit Hacks 1 | . . . . . . . . . . . . . . . . . 1 . . . . . . . . Report Inventory 1 | . . . . . . . . . . . . . . . . . 1 . . . . . . . . Scanalyzer 14 | . . . . . 9 . . . 2 . . . . . 3 . . . . . . . . . . Retrieve Study 14 | . . . . . 9 . . . 2 . . . . . 3 . . . . . . . . . . Garrison Access Hacks 20 | . . . . . 2 . 2 . 2 . 2 . 2 . . . 4 . 2 . 2 . . . 2 Unlock Access 9 | . . . . . 1 . 1 . 1 . 1 . 1 . . . 1 . 1 . 1 . . . 1 Seal Access 2 | . . . . . . . . . . . . . . . . . 1 . . . . . . . 1 Coupler Status 9 | . . . . . 1 . 1 . 1 . 1 . 1 . . . 2 . 1 . 1 . . . . Unauthorized Hacks 10 | . . . . . 2 . 2 . 1 . 1 . 2 . . . 1 . . . 1 . . . . Terminals 7 | . . . . . 2 . 2 . 1 . . . 1 . . . 1 . . . . . . . . Assimilate 1 | . . . . . . . . . 1 . . . . . . . . . . . . . . . . Botnet 6 | . . . . . 2 . 2 . . . . . 1 . . . 1 . . . . . . . . Fabricators 1 | . . . . . . . . . . . 1 . . . . . . . . . . . . . . Liberate 1 | . . . . . . . . . . . 1 . . . . . . . . . . . . . . Repair Stations . | . . . . . . . . . . . . . . . . . . . . . . . . . . Recycling Units 1 | . . . . . . . . . . . . . 1 . . . . . . . . . . . . Reject 1 | . . . . . . . . . . . . . 1 . . . . . . . . . . . . Scanalyzers . | . . . . . . . . . . . . . . . . . . . . . . . . . . Garrison Access 1 | . . . . . . . . . . . . . . . . . . . . . 1 . . . . Eject 1 | . . . . . . . . . . . . . . . . . . . . . 1 . . . . Data Cores Recovered . | . . . . . . . . . . . . . . . . . . . . . . . . . . Used . | . . . . . . . . . . . . . . . . . . . . . . . . . . Hacking Detections 55 | . . . . . 6 4 3 1 3 . 4 2 5 2 5 . 5 3 1 1 2 1 2 2 3 Full Trace Events 8 | . . . . . . 1 . . . . . 1 2 . 1 . . 1 . . . . . . 2 Feedback Events 1 | . . . . . . . . . . . . . 1 . . . . . . . . . . . . Corruption 1 | . . . . . . . . . . . . . 1 . . . . . . . . . . . . Feedback Blocked . | . . . . . . . . . . . . . . . . . . . . . . . . . . Robot Schematics Acquired . | . . . . . . . . . . . . . . . . . . . . . . . . . . Robots Built . | . . . . . . . . . . . . . . . . . . . . . . . . . . Authchips . | . . . . . . . . . . . . . . . . . . . . . . . . . . Time . | . . . . . . . . . . . . . . . . . . . . . . . . . . Total Robot Build Rating . | . . . . . . . . . . . . . . . . . . . . . . . . . . Part Schematics Acquired . | . . . . . . . . . . . . . . . . . . . . . . . . . . Parts Built . | . . . . . . . . . . . . . . . . . . . . . . . . . . Authchips . | . . . . . . . . . . . . . . . . . . . . . . . . . . Time . | . . . . . . . . . . . . . . . . . . . . . . . . . . Total Part Build Rating . | . . . . . . . . . . . . . . . . . . . . . . . . . . Part Studies Acquired 14 | . . . . . 9 . . . 2 . . . . . 3 . . . . . . . . . . Parts Repaired 11 | . . . . . . . 5 . . . 1 . . . 5 . . . . . . . . . . Time 402 | . . . . . . . 172 . . . 16 . . . 214 . . . . . . . . . . Parts Recycled . | . . . . . . . . . . . . . . . . . . . . . . . . . . Recycled Matter . | . . . . . . . . . . . . . . . . . . . . . . . . . . Retrieved Matter . | . . . . . . . . . . . . . . . . . . . . . . . . . . Retrieved Components . | . . . . . . . . . . . . . . . . . . . . . . . . . . Parts Scanalyzed . | . . . . . . . . . . . . . . . . . . . . . . . . . . Part Schematics Acquired . | . . . . . . . . . . . . . . . . . . . . . . . . . . Parts Damaged . | . . . . . . . . . . . . . . . . . . . . . . . . . . Bothacking | -11 -10 -10 -10 -9 -8 -8 -8 -8 -7 -7 -7 -7 -6 -6 -5 -5 -5 -5 -4 -4 -3 -3 -2 -2 -1 ------------ Run | Yrd Mat Min Exi Min Mat Gar Mat Gar Fac Gar Fac Gar Fac Gar Fac Was Fac Gar Fac Gar Res Gar Res Qua Acc Used RIF Installer 9 | . . . . . . 1 . 2 . 1 . 1 . 1 . . . 1 . 1 . 1 . . . Hotswap 1 | . . . . . . . . . . . . . . . . . . . . 1 . . . . . Command Fork 1 | . . . . . . . . . . 1 . . . . . . . . . . . . . . . Zone Cloak 2 | . . . . . . . . 1 . . . . . 1 . . . . . . . . . . . Robot Detection 1 | . . . . . . . . 1 . . . . . . . . . . . . . . . . . Watcher Feeds 1 | . . . . . . . . . . . . . . . . . . . . . . 1 . . . Autooverride 1 | . . . . . . . . . . . . 1 . . . . . . . . . . . . . Autoassimilate 1 | . . . . . . . . . . . . . . . . . . 1 . . . . . . . Robots Hacked 144 | . . . . . . . . . . 2 4 10 9 15 . . 11 20 3 21 26 13 9 1 . Non-combat 15 | . . . . . . . . . . . . . 1 . . . 4 . . 1 5 . 3 1 . Combat 129 | . . . . . . . . . . 2 4 10 8 15 . . 7 20 3 20 21 13 6 . . Autooverrided 22 | . . . . . . . . . . . . . 1 5 . . 3 5 . 2 4 . 2 . . Autoassimilated 15 | . . . . . . . . . . . . . . . . . . 1 . 4 5 2 3 . . Robot Hacks Applied 119 | . . . . . . . . . . 2 4 10 9 11 . . 9 14 3 21 17 11 7 1 . parse_system 6 | . . . . . . . . . . . . . . 1 . . . . . 4 . . 1 . . no_distress 1 | . . . . . . . . . . . . . . . . . . . . . . . . 1 . map_walls 1 | . . . . . . . . . . . . . . . . . 1 . . . . . . . . map_earth 2 | . . . . . . . . . . . . . . . . . 1 . . . 1 . . . . drop_inventory 3 | . . . . . . . . . . . . . . . . . 1 . . . 1 . 1 . . purge_threat 2 | . . . . . . . . . . . . . 1 . . . . . . . . . 1 . . map_route 3 | . . . . . . . . . . . . . . . . . 1 . . . 2 . . . . find_shortcuts 1 | . . . . . . . . . . . . . . . . . . . . 1 . . . . . scatter_targeting 6 | . . . . . . . . . . . . . 4 1 . . . 1 . . . . . . . link_complan 1 | . . . . . . . . . . . . . . 1 . . . . . . . . . . . broadcast_data 1 | . . . . . . . . . . . . . . . . . . . . 1 . . . . . disrupt_area 3 | . . . . . . . . . . . . . . 1 . . . . . 1 1 . . . . amplify_resonance 14 | . . . . . . . . . . 1 . 3 . 4 . . . 3 . 2 . 1 . . . disable_weapons 2 | . . . . . . . . . . . 1 . . . . . . . . 1 . . . . . reboot_system 2 | . . . . . . . . . . . 1 . . . . . . . 1 . . . . . . go_dormant 1 | . . . . . . . . . . . . . . . . . . . . 1 . . . . . overwrite_iff 8 | . . . . . . . . . . . 1 3 . . . . . . . . 2 1 1 . . formatsys_low 2 | . . . . . . . . . . . . . . . . . 1 . . 1 . . . . . formatsys_high 60 | . . . . . . . . . . 1 1 4 4 3 . . 4 10 2 9 10 9 3 . . Relay Couplers Released 137 | . . . . . . 14 . . . 20 . 15 . 21 . . . 14 . 25 8 20 . . . Ejected 4 | . . . . . . . . . . . . . . . . . . . . . 4 . . . . Machine Destruction 126 | . . . . . . 14 . . . 20 . 12 . 21 . . . 14 . 25 . 20 . . . Programmers 7 | . . . . . . . . . . . . 3 . . . . . . . . 4 . . . . Attached 50 | . . . . . . . . . . 5 1 4 2 6 1 . . 8 . 7 7 7 2 . . Fabnet Peak Effective % . | . . . . . . . . . . . . . . . . . . . . . . . . . . Robots Rewired 16 | . . . 4 . . . . . . . . 3 . . . . . . . 2 . 7 . . . Allies Hacked 7 | . . . . . . . . . . . . . . . . . 1 1 . 1 3 . 1 . . Hacks Repelled . | . . . . . . . . . . . . . . . . . . . . . . . . . . Allies | -11 -10 -10 -10 -9 -8 -8 -8 -8 -7 -7 -7 -7 -6 -6 -5 -5 -5 -5 -4 -4 -3 -3 -2 -2 -1 -------- Run | Yrd Mat Min Exi Min Mat Gar Mat Gar Fac Gar Fac Gar Fac Gar Fac Was Fac Gar Fac Gar Res Gar Res Qua Acc Total Allies 147 | . . 3 4 . . 2 . . 1 1 6 12 7 8 . . 9 20 3 19 22 21 9 . . Largest Group 25 | . . 3 7 7 7 2 . . 1 2 5 6 10 4 . . 5 9 9 12 17 25 24 . . Highest-Rated Group 1328 | . . 40 85 85 85 70 . . 10 42 90 144 278 119 . . 112 246 229 568 836 1328 1243 . . Highest-Rated Ally 85 | . . 16 21 21 21 39 . . 10 32 32 32 47 32 . . 47 51 47 58 64 85 69 . . Total Orders 39 | . . . . . . . . . 2 3 3 . 2 2 . . 1 3 . 13 7 3 . . . STAY 13 | . . . . . . . . . . 2 . . 1 1 . . . 2 . 5 2 . . . . FOLLOW 9 | . . . . . . . . . . 1 . . 1 1 . . 1 1 . 2 2 . . . . GUARD 1 | . . . . . . . . . . . . . . . . . . . . . . 1 . . . AID 10 | . . . . . . . . . . . . . . . . . . . . 6 2 2 . . . EXPLORE 4 | . . . . . . . . . 1 . 2 . . . . . . . . . 1 . . . . RETURN 2 | . . . . . . . . . 1 . 1 . . . . . . . . . . . . . . Ally Attacks 964 | . . . . . 65 27 . . . 2 14 20 91 49 . . 45 93 13 97 212 128 108 . . Total Damage 25252 | . . . . . 601 398 . . . 22 259 448 1334 799 . . 760 1798 175 3091 7307 4898 3362 . . Kills 156 | . . . . . 7 3 . . . 2 2 5 12 5 . . 7 15 2 17 33 27 19 . . Allies Corrupted 16 | . . . . . . . . . . . . . . . . . . 1 . 1 4 1 9 . . Allies Melted 1 | . . . . . . . . . . . . . 1 . . . . . . . . . . . . Intel | -11 -10 -10 -10 -9 -8 -8 -8 -8 -7 -7 -7 -7 -6 -6 -5 -5 -5 -5 -4 -4 -3 -3 -2 -2 -1 ------- Run | Yrd Mat Min Exi Min Mat Gar Mat Gar Fac Gar Fac Gar Fac Gar Fac Was Fac Gar Fac Gar Res Gar Res Qua Acc Active Infowar (turns) 7418 | 11 1138 210 554 30 1422 1109 232 . 1954 2 408 . . . . . . . . . . . 28 320 . Sensors 2401 | . . . . . . . 37 . 1954 2 408 . . . . . . . . . . . . . . Structural 237 | . 237 . . . . . . . . . . . . . . . . . . . . . . . . Seismic 4432 | 11 901 210 554 30 1422 1109 195 . . . . . . . . . . . . . . . . . . Triangulation 348 | . . . . . . . . . . . . . . . . . . . . . . . 28 320 . Robot Analysis Total 1 | . . . . . . . 1 . . . . . . . . . . . . . . . . . . Derelict Logs Recovered . | . . . . . . . . . . . . . . . . . . . . . . . . . . Drone Launches 3 | . . . . . . . . . 1 . 1 . . . . . . . . . 1 . . . . Drone Recoveries 2 | . . . . . . . . . 1 . 1 . . . . . . . . . . . . . . Exploration | -11 -10 -10 -10 -9 -8 -8 -8 -8 -7 -7 -7 -7 -6 -6 -5 -5 -5 -5 -4 -4 -3 -3 -2 -2 -1 ------------- Run | Yrd Mat Min Exi Min Mat Gar Mat Gar Fac Gar Fac Gar Fac Gar Fac Was Fac Gar Fac Gar Res Gar Res Qua Acc Turns Passed 25344 | 236 1395 210 554 30 1601 1123 1441 1221 1990 1443 1031 1170 828 1429 794 302 784 1662 208 1864 1063 1525 626 435 379 Spaces Moved 16758 | 138 882 153 441 17 1062 697 801 755 1080 1108 761 799 607 939 373 268 507 1029 142 1119 631 949 601 288 611 Core 168 | 4 . . . . . . . . . . . . . . . . . . . . . . 20 24 120 Treads . | . . . . . . . . . . . . . . . . . . . . . . . . . . Legs 15548 | 134 882 153 441 17 1062 697 801 755 1080 1108 761 799 607 939 373 268 507 1029 142 1119 631 949 255 37 2 Wheels 234 | . . . . . . . . . . . . . . . . . . . . . . . . 191 43 Hover . | . . . . . . . . . . . . . . . . . . . . . . . . . . Flight 808 | . . . . . . . . . . . . . . . . . . . . . . . 326 36 446 Fastest Speed 27 | 50 120 120 120 120 105 112 112 112 105 105 105 105 90 90 107 107 107 107 118 125 122 122 40 40 27 Average Speed 114 | 117 120 120 120 120 119 116 125 123 144 105 105 106 108 100 110 107 107 131 120 126 125 123 75 118 46 Slowest Speed 210 | 120 120 120 120 120 190 185 182 190 175 105 105 112 112 190 111 107 107 177 125 128 128 128 124 150 210 Overloaded Moves 181 | . . . . . . . . . . . . . . . . . . . . . . . . . 181 Propulsion Burnouts 1 | . . . . . . . . . . . . . . . . . . . . . . . . . 1 Robots Hopped 25 | . . . . . . . . . . . . . . . . . . . . . . . 4 . 21 Potential Cave-ins 1 | . . . . . . . . . . . . . . . . . . . . . 1 . . . . Cave-ins Triggered 1 | . . . . . . . . . . . . . . . . . . . . . . . . 1 . Teleports 1 | . . . . . . . . . . . . . . . . . . . . . . . . 1 . Exploration Rate (%) 54 | 4 94 45 90 12 91 70 65 77 48 90 32 90 20 90 12 90 9 84 4 93 26 87 27 49 24 Regions Visited 25 Branch Regions 4 Pre-discovered Areas 2 | . . 1 1 . . . . . . . . . . . . . . . . . . . . . . Known Exits Taken 8 | . . . . . 1 . 1 . 1 . 1 . 1 . . . 1 . 1 . 1 . . . . Unknown Exits Taken 7 | 1 1 1 1 1 . . . . . . . . . . . . . . . . . . 1 1 . Scrap Searched . | . . . . . . . . . . . . . . . . . . . . . . . . . . Spaces Dug 118 | . 7 . . . . 8 5 3 6 12 5 4 6 17 6 . 9 3 2 5 5 11 . 4 . Terrain Destroyed 428 | . 8 . . . 7 20 5 47 32 37 5 59 6 18 21 . 12 3 2 5 9 18 . 114 . Melee 94 | . . . . . . 8 5 3 6 12 5 4 6 17 1 . 4 3 . 5 . 11 . 4 . Projectile 47 | . 8 . . . . . . . . 1 . 1 . 1 8 . 8 . 2 . 9 2 . 7 . AOE 287 | . . . . . 7 12 . 44 26 24 . 54 . . 12 . . . . . . 5 . 103 . Terrain Rammed . | . . . . . . . . . . . . . . . . . . . . . . . . . . Walls Destroyed . | . . . . . . . . . . . . . . . . . . . . . . . . . . Machines Disabled . | . . . . . . . . . . . . . . . . . . . . . . . . . . Actions | -11 -10 -10 -10 -9 -8 -8 -8 -8 -7 -7 -7 -7 -6 -6 -5 -5 -5 -5 -4 -4 -3 -3 -2 -2 -1 --------- Run | Yrd Mat Min Exi Min Mat Gar Mat Gar Fac Gar Fac Gar Fac Gar Fac Was Fac Gar Fac Gar Res Gar Res Qua Acc Total 20664 | 168 1050 170 466 26 1271 850 1105 901 1345 1258 936 1027 718 1193 720 286 681 1226 170 1412 820 1186 687 348 644 Wait 1369 | . 23 5 14 10 67 25 179 15 119 12 96 44 23 21 298 . 98 37 5 122 66 82 7 . 1 Move 16692 | 137 881 152 440 16 1062 696 800 754 1080 1107 760 798 606 938 373 267 506 1028 142 1118 630 948 592 287 574 Hop 20 | . . . . . . . . . . . . . . . . . . . . . . . 4 . 16 Pick Up 150 | 2 11 . 1 . 16 . 13 . 15 10 9 8 8 12 2 4 2 5 1 12 9 5 2 2 1 Fast Attach 117 | 7 2 1 . . 5 5 13 3 6 2 4 2 5 6 10 3 . 7 3 2 2 2 7 13 7 Attach 75 | . 1 1 . . 1 3 2 1 9 4 2 2 3 14 1 . . . 2 2 7 2 8 8 2 Detach 34 | . 1 . . . 1 . 2 1 1 2 1 1 . 5 . . . 2 3 3 2 . 1 6 2 Swap 347 | . 14 3 . . 20 23 9 18 15 29 12 38 9 27 8 4 21 26 3 20 22 19 6 1 . Drop 216 | . 12 2 1 . 28 8 18 3 13 12 12 15 11 9 7 8 3 14 2 11 11 5 7 2 2 Fire 1103 | 22 98 6 . . 68 70 50 64 67 39 31 57 45 82 19 . 39 62 8 83 66 71 49 7 . Melee 267 | . . . . . . 15 12 8 6 31 9 17 8 64 1 . 12 15 . 31 . 21 2 15 . Ram 14 | . . . . . . . . . . . . . . . . . . . . . . . 2 7 5 Kick 67 | . 7 . . . 3 . 7 . 9 . . . . . 1 . . . 1 . 5 . . . 34 Crush . | . . . . . . . . . . . . . . . . . . . . . . . . . . Escape Stasis 113 | . . . . . . 5 . 34 5 10 . 14 . 15 . . . 30 . . . . . . . Rewire 80 | . . . 10 . . . . . . . . 31 . . . . . . . 8 . 31 . . . Trap . | . . . . . . . . . . . . . . . . . . . . . . . . . . Miscellaneous . | . . . . . . . . . . . . . . . . . . . . . . . . . . Route ------- -11/Scrapyard -10/Materials (discovered 5 exits: [*Mat x3] / [*Min x2]) -10/Mines (discovered 2 exits: [*Mat] / *Exi) -10/Exiles (discovered 2 exits: [*Min x2]) -9/Mines -8/Materials (discovered 6 exits: *Fac x3 / *Sto x2 / Gar) -8/Garrison (discovered 3 exits: *Mat x3) -8/Materials (discovered 5 exits: *Fac x2 / *Sto x2 / Gar) -8/Garrison (discovered 4 exits: *Fac x3 / [*Mat]) -7/Factory (discovered 5 exits: *Fac x2 / *Low x2 / Gar) -7/Garrison (discovered 3 exits: *Fac x3) -7/Factory (discovered 4 exits: *Fac x2 / *Low / Gar) -7/Garrison (discovered 3 exits: *Fac x3) -6/Factory (discovered 2 exits: *Fac / Gar) -6/Garrison (discovered 3 exits: *Fac x3) -5/Factory -5/Waste -5/Factory (discovered 5 exits: Upp x2 / Ext x2 / Gar) -5/Garrison (discovered 3 exits: *Fac x3) -4/Factory -4/Garrison (discovered 3 exits: *Res x3) -3/Research (discovered 2 exits: Res / Gar) -3/Garrison (discovered 4 exits: *Res x3 / [*Res]) -2/Research -2/Quarantine -1/Access History --------- Turn | Location | Event 9 | -11/Scrapyard | Discovered new exit (range 15) 237 | -11/Scrapyard | Entered Materials 306 | -10/Materials | Build established: Mutant 510 | -10/Materials | Discovered new exit (range 11) 663 | -10/Materials | Discovered new exit (range 13) 724 | -10/Materials | Discovered new exit (range 16) 784 | -10/Materials | Discovered new exit (range 3) 1310 | -10/Materials | Build established: Scavenger-Mutant 1404 | -10/Materials | Discovered new exit (range 15) 1632 | -10/Materials | Entered Mines 1699 | -10/Mines | Met a Derelict bent on vengeance 1701 | -10/Mines | Assisted by bots powering up and referring to "LRC-V3" 1787 | -10/Mines | Discovered new exit (range 5) 1788 | -10/Mines | Learned location of Storage (-8) 1831 | -10/Mines | Deemed a non-threat by the Exiles lab entrance 1831 | -10/Mines | Discovered new exit (range 5) 1842 | -10/Mines | Entered Exiles 1842 | -10/Exiles | Found Exiles lab destroyed 1842 | -10/Exiles | Accompanied by 3 allies 1858 | -10/Exiles | Discovered new exit (range 15) 1981 | -10/Exiles | Learned location of Zion (-6) 2058 | -10/Exiles | Opened EX-Vault 2064 | -10/Exiles | Found Supersonic Drone Bay 2370 | -10/Exiles | Discovered new exit (range 10) 2396 | -10/Exiles | Entered Mines 2396 | -9/Mines | Accompanied by 7 allies 2397 | -9/Mines | Assembled infested the area 2407 | -9/Mines | Discovered new exit (range 8) 2426 | -9/Mines | Entered Materials 2426 | -8/Materials | Accompanied by 7 allies 2426 | -8/Materials | Evolved 4 slots: Propulsion x2, Utility x1, Weapon x1 2592 | -8/Materials | Discovered new exit (range 13) 2759 | -8/Materials | Build established: Scavenger-Tank 2764 | -8/Materials | Discovered new exit (range 16) 2949 | -8/Materials | Discovered new exit (range 13) 3205 | -8/Materials | Discovered new exit (range 13) 3376 | -8/Materials | Central database locked down 3399 | -8/Materials | Identified exit to Factory 3408 | -8/Materials | Identified exit to Storage 3968 | -8/Materials | Build established: Tank 4027 | -8/Materials | Identified exit to Garrison 4027 | -8/Materials | Entered Garrison 4160 | -8/Garrison | Rescued a captive Derelict 4162 | -8/Garrison | Rescued a captive Derelict 4227 | -8/Garrison | Garrison Relay disabled 4294 | -8/Garrison | Triggered checkpoint 4305 | -8/Garrison | Triggered checkpoint 4370 | -8/Garrison | Discovered new exit (range 12) 4452 | -8/Garrison | Triggered checkpoint 4531 | -8/Garrison | Installed Relay Interface Framework 4608 | -8/Garrison | Triggered checkpoint 4651 | -8/Garrison | Discovered new exit (range 10) 4664 | -8/Garrison | Learned Materials security intel 4679 | -8/Garrison | Triggered checkpoint 4763 | -8/Garrison | Garrison Relay disabled 4963 | -8/Garrison | Triggered checkpoint 4991 | -8/Garrison | Build established: Scavenger-Tank 5058 | -8/Garrison | Discovered new exit (range 8) 5129 | -8/Garrison | Garrison Relay disabled 5136 | -8/Garrison | Lost 3 parts (1n2w) 5150 | -8/Garrison | Entered Materials 5229 | -8/Materials | Identified exit to Garrison 5398 | -8/Materials | Discovered exit to Storage (range 9) 5588 | -8/Materials | Core integrity fell below 50% 5610 | -8/Materials | Destroyed 7 combat bots 5707 | -8/Materials | Discovered exit to Storage (range 11) 5777 | -8/Materials | Discovered exit to Factory (range 4) 6022 | -8/Materials | Discovered exit to Factory (range 12) 6199 | -8/Materials | Repaired Imp. Aluminum Leg 6233 | -8/Materials | Repaired Imp. Aluminum Leg 6337 | -8/Materials | Repaired Flak Cannon+ 6376 | -8/Materials | Repaired Imp. Light Armor Plating 6409 | -8/Materials | Repaired Imp. Aluminum Leg 6449 | -8/Materials | Build established: Scavenger-Mutant 6591 | -8/Materials | Entered Garrison 6725 | -8/Garrison | Triggered checkpoint 6831 | -8/Garrison | Triggered checkpoint 6932 | -8/Garrison | Expanded RIF knowledge: Robot Detection 6983 | -8/Garrison | Discovered exit to Factory (range 12) 6989 | -8/Garrison | Triggered checkpoint 7039 | -8/Garrison | Discovered new exit (range 5) 7144 | -8/Garrison | Triggered checkpoint 7201 | -8/Garrison | Learned Factory security intel 7253 | -8/Garrison | Discovered exit to Factory (range 13) 7302 | -8/Garrison | Triggered checkpoint 7423 | -8/Garrison | Triggered checkpoint 7426 | -8/Garrison | Build established: Scavenger-Tank 7501 | -8/Garrison | Triggered checkpoint 7557 | -8/Garrison | Discovered exit to Factory (range 14) 7657 | -8/Garrison | Triggered checkpoint 7705 | -8/Garrison | Triggered checkpoint 7750 | -8/Garrison | Expanded RIF knowledge: Zone Cloak 7812 | -8/Garrison | Entered Factory 7812 | -7/Factory | Evolved 2 slots: Utility x2 7820 | -7/Factory | Discovered new exit (range 61) 7825 | -7/Factory | Discovered new exit (range 124) 7826 | -7/Factory | Discovered new exit (range 158) 7838 | -7/Factory | Discovered new exit (range 66) 7852 | -7/Factory | Central database locked down 8162 | -7/Factory | Identified exit to Factory 8323 | -7/Factory | Garrison activated, responded to threat 8626 | -7/Factory | Cargo convoy interrupted 8757 | -7/Factory | Identified exit to Lower Caves 9800 | -7/Factory | Identified exit to Garrison 9802 | -7/Factory | Entered Garrison 9802 | -7/Garrison | Accompanied by 1 ally 9813 | -7/Garrison | Garrison Relay disabled 9920 | -7/Garrison | Triggered checkpoint 10017 | -7/Garrison | Garrison Relay disabled 10183 | -7/Garrison | Triggered checkpoint 10249 | -7/Garrison | Discovered new exit (range 12) 10259 | -7/Garrison | Identified exit to Factory 10280 | -7/Garrison | Expanded RIF knowledge: Command Fork 10316 | -7/Garrison | Garrison Relay disabled 10487 | -7/Garrison | Triggered checkpoint 10577 | -7/Garrison | Triggered checkpoint 10604 | -7/Garrison | Garrison Relay disabled 10674 | -7/Garrison | Triggered checkpoint 10685 | -7/Garrison | Discovered exit to Factory (range 11) 10742 | -7/Garrison | Triggered checkpoint 10788 | -7/Garrison | Discovered exit to Factory (range 8) 10807 | -7/Garrison | Triggered checkpoint 10831 | -7/Garrison | Garrison Relay disabled 11130 | -7/Garrison | Build established: Bothacker-Mutant 11245 | -7/Garrison | Entered Factory 11245 | -7/Factory | Accompanied by 2 allies 11629 | -7/Factory | Discovered exit to Factory (range 13) 11667 | -7/Factory | Discovered exit to Lower Caves (range 15) 11685 | -7/Factory | Lost 3 allies 11755 | -7/Factory | P-60 Hacker assimilated allied Trooper 4a 12024 | -7/Factory | Build established: Bothacker-Gunner 12053 | -7/Factory | Repaired Imp. Aluminum Leg+ 12078 | -7/Factory | Discovered exit to Factory (range 10) 12275 | -7/Factory | Identified exit to Garrison 12276 | -7/Factory | Entered Garrison 12351 | -7/Garrison | Triggered checkpoint 12399 | -7/Garrison | Learned Factory security intel 12404 | -7/Garrison | Garrison Relay disabled 12554 | -7/Garrison | Discovered exit to Factory (range 10) 12561 | -7/Garrison | Core integrity fell below 50% 12642 | -7/Garrison | Garrison Relay disabled 12812 | -7/Garrison | Triggered checkpoint 12833 | -7/Garrison | System corruption reached 10% 12854 | -7/Garrison | Triggered checkpoint 12914 | -7/Garrison | Discovered exit to Factory (range 13) 12932 | -7/Garrison | Triggered checkpoint 12959 | -7/Garrison | Expanded RIF knowledge: Autooverride 12978 | -7/Garrison | Garrison Relay disabled 13192 | -7/Garrison | Triggered checkpoint 13242 | -7/Garrison | Discovered exit to Factory (range 10) 13273 | -7/Garrison | Triggered checkpoint 13293 | -7/Garrison | Garrison Relay disabled 13446 | -7/Garrison | Entered Factory 13446 | -6/Factory | Accompanied by 6 allies 13446 | -6/Factory | Evolved 2 slots: Utility x2 13787 | -6/Factory | Build established: Bothacker-Mutant 13801 | -6/Factory | Discovered new exit (range 6) 13806 | -6/Factory | Identified exit to Factory 14134 | -6/Factory | Lost 3 allies 14248 | -6/Factory | Identified exit to Garrison 14274 | -6/Factory | Entered Garrison 14274 | -6/Garrison | Accompanied by 3 allies 14345 | -6/Garrison | Triggered checkpoint 14360 | -6/Garrison | Build established: Bothacker-Tank 14379 | -6/Garrison | Garrison Relay disabled 14470 | -6/Garrison | Triggered checkpoint 14478 | -6/Garrison | Triggered checkpoint 14478 | -6/Garrison | Spotted B-75 Beast 14515 | -6/Garrison | Lost 3 allies 14526 | -6/Garrison | Destroyed B-75 Beast 14541 | -6/Garrison | Lost 4 parts (1p1n1u1w) 14598 | -6/Garrison | Garrison Relay disabled 14605 | -6/Garrison | Triggered checkpoint 14636 | -6/Garrison | Triggered checkpoint 14652 | -6/Garrison | Discovered exit to Factory (range 14) 14790 | -6/Garrison | Triggered checkpoint 14936 | -6/Garrison | Lost 6 allies 14961 | -6/Garrison | Lost 8 parts (3n2u3w) 14987 | -6/Garrison | Garrison Relay disabled 15039 | -6/Garrison | Discovered exit to Factory (range 8) 15057 | -6/Garrison | Expanded RIF knowledge: Zone Cloak 15119 | -6/Garrison | Garrison Relay disabled 15162 | -6/Garrison | Spotted Striker 15170 | -6/Garrison | Destroyed Striker 15312 | -6/Garrison | Discovered exit to Factory (range 11) 15546 | -6/Garrison | Garrison Relay disabled 15703 | -6/Garrison | Entered Factory 15703 | -5/Factory | Evolved 2 slots: Utility x2 15739 | -5/Factory | Discovered new exit (range 16) 15754 | -5/Factory | Identified exit to Factory 15800 | -5/Factory | Build established: Scavenger-Tank 15963 | -5/Factory | Found Prototype Launcher 15963 | -5/Factory | Identified Tesla Bomb Launcher 15966 | -5/Factory | Found Tesla Bomb Launcher 16200 | -5/Factory | Repaired Carbon-fiber Leg+ 16239 | -5/Factory | Repaired Carbon-fiber Leg+ 16279 | -5/Factory | Repaired Titanium Leg 16330 | -5/Factory | Repaired Hvy. Machine Gun 16384 | -5/Factory | Repaired Lyr. Medium Armor Plating 16497 | -5/Factory | Sucked down chute 16497 | -5/Factory | Entered Waste 16497 | -5/Waste | The area was eerily silent 16526 | -5/Waste | Found Unknown Launcher 16526 | -5/Waste | Identified Gamma Bomb Array 16674 | -5/Waste | Discovered new exit (range 15) 16689 | -5/Waste | Identified exit to Factory 16799 | -5/Waste | Entered Factory 16932 | -5/Factory | Identified exit to Upper Caves 16932 | -5/Factory | Identified exit to Extension 16940 | -5/Factory | Lost 3 allies 17221 | -5/Factory | Build established: Botlord-Tank 17426 | -5/Factory | Identified exit to Garrison 17583 | -5/Factory | Entered Garrison 17583 | -5/Garrison | Accompanied by 2 allies 17616 | -5/Garrison | Rescued a captive Derelict 17618 | -5/Garrison | Rescued a captive Derelict 17687 | -5/Garrison | Triggered checkpoint 17769 | -5/Garrison | Garrison Relay disabled 17840 | -5/Garrison | Triggered checkpoint 17857 | -5/Garrison | Triggered checkpoint 17944 | -5/Garrison | Discovered exit to Factory (range 12) 18019 | -5/Garrison | Triggered checkpoint 18048 | -5/Garrison | Expanded RIF knowledge: Autoassimilate 18054 | -5/Garrison | Garrison Relay disabled 18148 | -5/Garrison | Heavy support dispatched to Factory 18217 | -5/Garrison | Triggered checkpoint 18287 | -5/Garrison | Lost 4 allies 18375 | -5/Garrison | Triggered checkpoint 18410 | -5/Garrison | Garrison Relay disabled 18504 | -5/Garrison | Discovered exit to Factory (range 10) 18624 | -5/Garrison | Triggered checkpoint 18661 | -5/Garrison | Triggered checkpoint 18672 | -5/Garrison | Garrison Relay disabled 18707 | -5/Garrison | Discovered exit to Factory (range 15) 19160 | -5/Garrison | Heavy support dispatched to Factory 19245 | -5/Garrison | Entered Factory 19245 | -4/Factory | Accompanied by 8 allies 19245 | -4/Factory | Evolved 2 slots: Propulsion x2 19452 | -4/Factory | Identified exit to Garrison 19453 | -4/Factory | Entered Garrison 19453 | -4/Garrison | Accompanied by 6 allies 19467 | -4/Garrison | Lost 5 allies 19527 | -4/Garrison | P-70 Sage assimilated allied Informer 6a 19587 | -4/Garrison | Triggered checkpoint 19625 | -4/Garrison | Garrison Relay disabled 19796 | -4/Garrison | Lost 4 allies 19970 | -4/Garrison | Spotted B-86 Titan 19995 | -4/Garrison | Allies destroyed B-86 Titan 20014 | -4/Garrison | Triggered checkpoint 20024 | -4/Garrison | Triggered checkpoint 20128 | -4/Garrison | P-70 Sage assimilated allied Sentinel 7a 20171 | -4/Garrison | Lost 3 allies 20221 | -4/Garrison | Garrison Relay disabled 20246 | -4/Garrison | Discovered new exit (range 3) 20274 | -4/Garrison | Learned Research security intel 20493 | -4/Garrison | Triggered checkpoint 20515 | -4/Garrison | Expanded RIF knowledge: Hotswap 20553 | -4/Garrison | Garrison Relay disabled 20672 | -4/Garrison | Discovered new exit (range 10) 20855 | -4/Garrison | Triggered checkpoint 20949 | -4/Garrison | Garrison Relay disabled 20961 | -4/Garrison | Garrison Relay disabled 21034 | -4/Garrison | Discovered new exit (range 14) 21107 | -4/Garrison | Garrison Relay disabled 21246 | -4/Garrison | Build established: Botlord-Mutant 21317 | -4/Garrison | Entered Research 21317 | -3/Research | Accompanied by 12 allies 21317 | -3/Research | Evolved 2 slots: Utility x2 21567 | -3/Research | First assault squad dispatched 21625 | -3/Research | Spotted B-86 Titan 21637 | -3/Research | Destroyed B-86 Titan 21640 | -3/Research | Spotted B-86 Titan 21644 | -3/Research | Allies destroyed B-86 Titan 21937 | -3/Research | Build established: Botlord-Tank 21937 | -3/Research | Cargo convoy interrupted 21937 | -3/Research | Spotted Executioner 21939 | -3/Research | P-80 Master assimilated allied Enforcer 8a 21940 | -3/Research | Allies destroyed Executioner 22006 | -3/Research | Lost 7 allies 22075 | -3/Research | Discovered new exit (range 73) 22115 | -3/Research | P-80 Master assimilated allied Assassin 7b 22118 | -3/Research | P-80 Master assimilated allied Destroyer 8a 22147 | -3/Research | P-80 Master assimilated allied Sentinel 7e 22151 | -3/Research | P-80 Master assimilated allied Veteran 8e 22368 | -3/Research | Identified exit to Garrison 22380 | -3/Research | Entered Garrison 22380 | -3/Garrison | Accompanied by 12 allies 22406 | -3/Garrison | Triggered checkpoint 22421 | -3/Garrison | Garrison Relay disabled 22454 | -3/Garrison | Expanded RIF knowledge: Watcher Feeds 22539 | -3/Garrison | Rewired B-75 Beast 22545 | -3/Garrison | Spotted B-86 Titan 22566 | -3/Garrison | Allies destroyed B-86 Titan 22580 | -3/Garrison | Triggered checkpoint 22615 | -3/Garrison | Triggered checkpoint 22616 | -3/Garrison | Lost 4 allies 22622 | -3/Garrison | Triggered checkpoint 22711 | -3/Garrison | Triggered checkpoint 22743 | -3/Garrison | Triggered checkpoint 22760 | -3/Garrison | Discovered new exit (range 5) 22831 | -3/Garrison | Garrison Relay disabled 22856 | -3/Garrison | Discovered new exit (range 8) 23101 | -3/Garrison | Discovered new exit (range 14) 23148 | -3/Garrison | Garrison Relay disabled 23250 | -3/Garrison | Garrison Relay disabled 23337 | -3/Garrison | Triggered checkpoint 23699 | -3/Garrison | Discovered new exit (range 12) 23710 | -3/Garrison | Triggered checkpoint 23731 | -3/Garrison | Garrison Relay disabled 23743 | -3/Garrison | Lost 3 allies 23905 | -3/Garrison | Entered Research 23905 | -2/Research | Accompanied by 24 allies 23905 | -2/Research | Evolved 2 slots: Utility x2 24037 | -2/Research | Lost 8 allies 24115 | -2/Research | P-80 Master assimilated allied H-88 Terminator 24128 | -2/Research | P-80 Master assimilated allied Veteran 8q 24155 | -2/Research | First assault squad dispatched 24172 | -2/Research | Lost 5 allies 24222 | -2/Research | Lost 3 allies 24301 | -2/Research | P-80 Master assimilated allied Veteran 7f 24351 | -2/Research | Lost 11 allies 24362 | -2/Research | System corruption reached 10% 24385 | -2/Research | Released all parts (15) 24416 | -2/Research | Lost 19 parts (1p6n6u6w) 24453 | -2/Research | Spotted B-90 Cyclops 24511 | -2/Research | Discovered new exit (range 8) 24531 | -2/Research | Entered Quarantine 24538 | -2/Quarantine | Found Alien Artifact 24538 | -2/Quarantine | Identified Transdimensional Reconstructor 24538 | -2/Quarantine | Warped through subspace 24547 | -2/Quarantine | Found Alien Artifact 24547 | -2/Quarantine | Identified Terrabomb 24547 | -2/Quarantine | Used Terrabomb 24642 | -2/Quarantine | Found Alien Energy Cannon 24642 | -2/Quarantine | Identified Core Cannon 24663 | -2/Quarantine | Build established: Mutant 24669 | -2/Quarantine | Scanned by Researcher 24684 | -2/Quarantine | Found Unknown Launcher 24684 | -2/Quarantine | Identified Fusion Bomb Launcher 24758 | -2/Quarantine | Found Alien Reactor 24758 | -2/Quarantine | Identified Matter Drive 24786 | -2/Quarantine | Core integrity fell below 50% 24923 | -2/Quarantine | Crushed by falling debris 24954 | -2/Quarantine | Found Alien Impact Weapon 24954 | -2/Quarantine | Identified Core Stripper 24962 | -2/Quarantine | Discovered new exit (range 5) 24966 | -2/Quarantine | Entered Access 24966 | -1/Access | Evolved 2 slots: Power x1, Utility x1 24978 | -1/Access | Lost 8 parts (1p2n4u1w) 25184 | -1/Access | System corruption reached 10% 25208 | -1/Access | Identified exit to Garrison 25224 | -1/Access | Core integrity fell below 50% 25285 | -1/Access | Core integrity fell below 20% 25338 | -1/Access | Spotted B-99 Colossus 25345 | -1/Access | Destroyed by B-99 Colossus with Linear Accelerator Last Messages --------------- 25295_ Acquired Impulse Thruster Array. 25304_ Cld. Q-thruster destroyed. 25304_ Cld. Q-thruster burned out. 25306_ System corrupted: Matter fused (-6). 25309_ System corrupted: Slammed into wall. 25316_ Penetrated by Slug. 25316_ Slug penetrates Wall. 25319_ Penetrated by Slug. 25321_ Impulse Thruster Array destroyed. 25325_ O-32 Director: "IFF HANDSHAKE FAILED. SECURING TERMINAL." 25327_ Connecting with Terminal... 25327_ ALERT: Suspicious activity at Terminal A001. Dispatching Investigation squad. 25336_ ALERT: Hostiles spotted, dispatching reinforcements to Terminal A007. 25338_ Slug penetrates Wall. 25338_ Penetrated by Slug. 25338_ Slug penetrates Wall. 25338_ Penetrated by Slug. 25338_ Slug penetrates Wall. Map ----- +----------------------------------------------------+ | ??????????????????????????????????????????????? | | ??????????????????????????????????????????????? | | ??????????????????????????????????????????????? | | ??????????????????????????????????????????????? | | ??????????????????????????????????????????????? | | ??????????????????????????????????????????????? | | ??????????????????????????????????????????????? | | ??????????????????????????????????????????????? | | ??????????????????????????????????????????????? | | ??????????????????????????????????????????????? | | ??????????????????????????????????????????????? | | ??????????????????????####????????????????????? | | ??????????????????????# ????????????????????? | | ??????????????????????# ? ???????????????? | | ??????????????????????# """S"???????????????? | | ??????????????????????# """ "???????????????? | | ??????????????????????# ????????????????? | | ??????????????????????# ????????????????? | | ??????????????????????# ! ?????????????????? | | ??????????????????????# ?????????????????? | | ??????????????????????? ??????????????????? | | ??????????????????????? ??????????????????? | | ???????????????????????? ! ???????????????????? | | ?????????????????######? % ???????????????????? | | ?????????????????# ###/########+##?????????? | | ?????????????????+ @ #?????????? | | ?????????????????# t +?????????? | | ?????????????????# = #?????????? | | """??????????????# #?????????? | | #??????????????# ^ #?????????? | | #??????????????# #?????????? | | #??????????????# #?????????? | | #??????????????# s ??????? | | #??????????????# s "" ! ??????? | | #??????????????# s ""T""" ???????? | | ################s """"" ???????? | | s ???????? | | BB ????????? | | ##############+##" BB ???????????? | | ???????????? ##" ######## ???????????? | | ?????????? ### #??????? ???????????? | | ????????# #?####???????? ???????????? | | ????????# = #????????????? ???????????? | | ????????# #????????????????????????????? | | ????????# ] #????????????????????????????? | | ????????# #????????????????????????????? | | ????????# #????????????????????????????? | | ????????# #????????????????????????????? | | ????????##########????????????????????????????? | | ??????????????????????????????????????????????? | +----------------------------------------------------+ Best States ------------- Heat Dissipation 52 Energy Generation 25 Energy Capacity 350 Matter Stores 300 Matter Capacity 300 Sight Range 16 Robot Scan Range 15 Terrain Scan Density 10 Additional Mass Support 12 Armor Coverage 450 Resistance: KI 20 Resistance: TH 50 Resistance: EX 20 Resistance: EM 20 Resistance: I 20 Resistance: S 20 Resistance: P 20 Evasion (%) 70 Targeting Accuracy 8 Core Analysis 6 Offensive Hacking 24 Relay Coupler Types 8 Relay Coupler Value 269 Item Schematics ----------------- None Robot Schematics ------------------ None Fabricated ------------ Nothing Repaired ---------- Imp. Aluminum Leg | 70% | -8/Materials Imp. Aluminum Leg | 74% | -8/Materials Flak Cannon | 54% | -8/Materials Imp. Light Armor Plating | 82% | -8/Materials Imp. Aluminum Leg | 76% | -8/Materials Imp. Aluminum Leg | 11% | -7/Factory Carbon-fiber Leg | 12% | -5/Factory Carbon-fiber Leg | 41% | -5/Factory Titanium Leg | 21% | -5/Factory Hvy. Machine Gun | 6% | -5/Factory Lyr. Medium Armor Plating | 61% | -5/Factory Studied --------- Aluminum Leg | -8/Materials | Hacked Hvy. Assault Rifle | -8/Materials | Hacked Ion Engine | -8/Materials | Hacked Flak Cannon | -8/Materials | Hacked Assault Cannon | -8/Materials | Hacked Grenade Launcher | -8/Materials | Hacked Nuclear Core | -8/Materials | Hacked Maul | -8/Materials | Hacked Imp. Ion Engine | -8/Materials | Hacked Carbon-fiber Leg | -7/Factory | Hacked Imp. Aluminum Leg | -7/Factory | Hacked Titanium Leg | -5/Factory | Hacked Lgt. Fission Core | -5/Factory | Hacked KE Penetrator | -5/Factory | Hacked Alien Tech Used ----------------- Transdimensional Reconstructor Terrabomb Core Cannon Matter Drive Core Stripper Achievements -------------- Beloved Luggage Code Oppo Buddy Physics Hates This One Trick Satisfying Versatile Watcher Gambling Challenges ------------ None Game ------ Seed EtherialDisintegrationTube Manual? 0 Play Time 06:05:47 Cumulative 210.8 hours Start 2026.09.22 @ 00:09:00 End 2026.09.23 @ 02:36:15 Sessions 9 Manual Loads 0 Difficulty Adventurer Special Mode None Game No. 82 Rogue 0 Adventurer 78 Explorer 4 Win Type - Total 6 Types 5/0/0/1/0/0/0/0/0/0 Lore% 50 Gallery% 53 Achievement% 48 Wizard Run 0 Options --------- Layout 0 ASCII 0 Keyboard 1 Movement Numpad Keybinds 0 Fullscreen 2 Font 36/Smallcaps Map View 76x50 Zoom Use 0% Tactical HUD 1 Map Filters NONE Filters NONE Steam 1 RUN: 3ee97cb2-1059-441f-93eb-3c6342b8518b